 Dungeon Crawl Stone Soup version 0.19-a0-1096-g8280678 (webtiles) character file.

1807 AlphabetPasta the Vexing (level 8, -6/59 HPs)
             Began as a Vampire Arcane Marksman on Aug 7, 2016.
             Was an Initiate of Dithmenos.
             Mangled by Pikel
             ... wielding a +2 whip of electrocution
              (19 damage)
             ... on level 5 of the Dungeon.
             The game lasted 00:34:55 (6534 turns).

AlphabetPasta the Vexing (Vampire Arcane Marksman)  Turns: 6534, Time: 00:34:56

Health: -6/59      AC:  5    Str: 15    XL:     8   Next: 84%
Magic:  13/13      EV: 15    Int: 15    God:    Dithmenos [......]
Gold:   249        SH:  0    Dex: 16    Spells: 1 memorised, 13 levels left

rFire  . . .     SeeInvis +     b - +0 rapier
rCold  + . .     Gourm    .     i - +0 robe
rNeg   + + .     Faith    .     (no shield)
rPois  +         Spirit   .     (no helmet)
rElec  .         Dismiss  .     v - +1 cloak
rCorr  .         Reflect  .     (no gloves)
SustAt .         Harm     .     o - +0 pair of boots
MR     .....                    m - amulet of regeneration
Stlth  ++++......               (no ring)
                                (no ring)

@: mighty, very slightly contaminated, regenerating slowly, hasted, very quick
A: fangs 3, see invisible, unbreathing
a: Bat Form, Renounce Religion


You were on level 5 of the Dungeon.
You worshipped Dithmenos.
Dithmenos was noncommittal.
You were very thirsty.

You visited 2 branches of the dungeon, and saw 6 of its levels.

You collected 249 gold pieces.

Inventory:

Hand Weapons
 a - a +1 dagger
 b - a +0 rapier (weapon)
 h - a +0 falchion
 l - the +9 whip "Pinupuli" {drain, +Fly Stlth+, unknown}
   (You found it on level 4 of the Dungeon)

   A truly terrible weapon, it drains the life of those it strikes.
   It lets you fly.
   It makes you more stealthy.
Missiles
 p - 4 javelins (quivered)
 u - 3 steel javelins
Armour
 i - a +0 robe (worn)
 o - a +0 pair of boots (worn)
 v - a +1 cloak (worn)
Jewellery
 d - a cursed ring of teleportation {unknown}
 m - an amulet of regeneration (around neck)
 t - an uncursed ring of wizardry {unknown}
Scrolls
 f - 3 scrolls of amnesia
 g - a scroll of identify
 w - a scroll of fear
Potions
 c - a potion of curing
 e - 19 potions of blood
 k - a potion of cancellation
 n - a potion of heal wounds
 q - a potion of brilliance
Books
 s - a book of Debilitation

   Spells                             Type                      Level
   a - Corona                         Hexes                        1
   b - Slow                           Hexes                        2
   c - Gell's Gravitas                Hexes/Translocation          3
   d - Inner Flame                    Hexes/Fire                   3
   e - Cause Fear                     Hexes                        4
   f - Leda's Liquefaction            Hexes/Earth                  4


   Skills:
 + Level 3.6 Fighting
 + Level 5.9 Short Blades
 + Level 3.8 Throwing
 + Level 4.7 Dodging
 + Level 6.0 Stealth
 + Level 3.6 Spellcasting
 + Level 7.2 Hexes
 + Level 1.0 Invocations


You had 13 spell levels left.
You knew the following spells:

 Your Spells              Type           Power        Failure   Level  Hunger
a - Corona                Hex            ###....      1%          1    None


Dungeon Overview and Level Annotations

Branches:
Dungeon (5/15)             Temple (1/1) D:5

Altars:
Ashenzari
Cheibriados
Dithmenos
Elyvilon
Fedhas
Gozag
Hepliaklqana
Kikubaaqudgha
Makhleb
Nemelex Xobeh
Okawaru
Pakellas
Qazlal
Ru
Sif Muna
Trog
Uskayaw
Vehumet
Xom
Yredelemnul
Zin
The Shining One

Shops:
D:5 %

Annotations:
D:5 Pikel


Innate Abilities, Weirdness & Mutations

You heal slowly.
You have razor-sharp teeth.
You have supernaturally acute eyesight. (SInv)
You can survive without breathing.


Message History

You hit Pikel. Your bite misses Pikel.
Pikel is moderately wounded.
Pikel closely misses you.
You puncture Pikel!
Pikel is severely wounded.
You puncture Pikel!
Pikel is almost dead.
Pikel hits you with a whip of electrocution!
* * * LOW HITPOINT WARNING * * *
You closely miss Pikel. Your bite misses Pikel.
Pikel is almost dead.
Pikel completely misses you.
You hit Pikel.
Pikel is almost dead.
You closely miss Pikel.
Pikel is almost dead.
Pikel hits you with a whip of electrocution.
* * * LOW HITPOINT WARNING * * *
You are electrocuted!
You die...

# .# ###.## # #....#
#.##.#..####
#...........
####.#####.. #@# #K#
##p## ##.pp#
###.###.# ##+#
###...# .####...##
#.....###...#.....##
#.###....##K.......##
# #.#
#...###.........####


You could see Pikel and 3 slaves.

Vanquished Creatures
  Prince Ribbit (D:5)
  Grinder (D:3)
  Sigmund (D:3)
  Eustachio (D:5)
  Menkaure (D:4)
  An ice beast (D:5)
  The ghost of AlphabetPasta the Stinger, an amateur VSVM (D:4)
  A sky beast (D:5)
  A phantom (D:4)
  A centaur (D:5)
  A scorpion (D:5)
  2 howler monkeys
  A giant frog zombie (D:5)
  2 hounds (D:5)
  Crazy Yiuf (D:3)
  An iguana (D:4)
  2 worker ants
  A hound skeleton (D:4)
  8 adders
  A howler monkey skeleton (D:4)
  An ooze (D:3)
  An adder zombie (D:5)
  4 worms (D:2)
  3 dart slugs
  4 giant geckos
  14 orcs
  A ball python (D:4)
  8 bats
  17 giant cockroaches
  15 goblins
  10 hobgoblins
  8 jackals
  A quokka (D:5)
  2 giant gecko skeletons
  A giant newt (D:4)
  7 kobolds
  12 rats
  2 fungi (D:3)
141 creatures vanquished.

Vanquished Creatures (others)
  A dart slug (D:1)
  A giant newt (D:1)
2 creatures vanquished.

Grand Total: 143 creatures vanquished

Notes
Turn   | Place    | Note
-------+----------+-------------------------------------------
     0 | D:1      | AlphabetPasta the Vampire Arcane Marksman began the quest for the Orb.
     0 | D:1      | Reached XP level 1. HP: 14/14 MP: 2/2
    74 | D:1      | Reached skill level 1 in Fighting
   417 | D:1      | Reached skill level 1 in Stealth
   537 | D:1      | Reached XP level 2. HP: 21/21 MP: 3/3
   865 | D:1      | Reached skill level 1 in Short Blades
  1117 | D:2      | Reached XP level 3. HP: 25/26 MP: 4/4
  2174 | D:2      | Reached XP level 4. HP: 29/32 MP: 5/5
  2179 | D:2      | Learned a level 3 spell: Gell's Gravitas
  2207 | D:2      | Reached skill level 5 in Hexes
  3238 | D:3      | Reached XP level 5. HP: 20/38 MP: 7/7
  3567 | D:3      | Noticed Grinder
  3571 | D:3      | Killed Grinder
  3571 | D:3      | Reached XP level 6. HP: 44/44 MP: 7/9
  3583 | D:3      | Noticed Sigmund
  3597 | D:3      | Killed Sigmund
  4092 | D:3      | Reached XP level 7. HP: 32/51 MP: 10/10
  4165 | D:3      | Found a runed door.
  4297 | D:3      | Noticed Crazy Yiuf
  4303 | D:3      | Killed Crazy Yiuf
  4391 | D:4      | Got an encrusted whip
  4490 | D:4      | Noticed AlphabetPasta's ghost (amateur VSVM)
  4814 | D:4      | Noticed Menkaure
  4842 | D:4      | Killed Menkaure
  5068 | D:4      | Killed AlphabetPasta's ghost
  5068 | D:4      | Reached skill level 6 in Hexes
  5340 | D:5      | Entered Level 5 of the Dungeon
  5348 | D:5      | Reached skill level 5 in Stealth
  5362 | D:5      | Reached XP level 8. HP: 58/58 MP: 12/12
  5389 | D:5      | Reached skill level 5 in Short Blades
  5442 | D:5      | Noticed Eustachio
  5472 | D:5      | Killed Eustachio
  5536 | D:5      | Found a burning altar of Makhleb.
  5727 | D:5      | Found an oddly glowing altar of Pakellas.
  5809 | D:5      | Noticed Pikel
  6039 | D:5      | Found a staircase to the Ecumenical Temple.
  6048 | Temple   | Entered the Ecumenical Temple
  6080 | Temple   | Became a worshipper of Dithmenos the Shadowed
  6222 | D:5      | Noticed Prince Ribbit
  6228 | D:5      | Killed Prince Ribbit
  6228 | D:5      | Reached skill level 7 in Hexes
  6288 | D:5      | Reached skill level 1 in Invocations
  6349 | D:5      | Found Erobuohu's Food Shop.
  6534 | D:5      | Mangled by Pikel

Vault maps used:
D:1:      ncdulo_wetmaze, lemuel_another_geyser
D:2:      kennysheep_generic_room_13
D:3:      minmay_roachtagon, first_bread, uniq_crazy_yiuf_cottage, uniq_sigmund,
          uniq_grinder
D:4:      uniq_menkaure
D:5:      bloody_makhleb, serial_shops, nicolae_shop_stone,
          grunt_pakellas_mercury, uniq_pikel, uniq_prince_ribbit1,
          uniq_eustachio
Temple:   nicolae_temple_the_god_donut

Skill      XL: |  1  2  3  4  5  6  7  8 |
---------------+-------------------------+-----
Fighting       | 1 2 3 |  3.6
Stealth        | 1 2 3 4 5 6 |  6.0
Short Blades   | 1 2 3 4 5 |  5.9
Hexes          | 5 6 7 |  7.2
Throwing       | 2 3 |  3.8
Dodging        | 3 4 |  4.7
Spellcasting   | 2 3 |  3.6
Invocations    | 1 |  1.0

Action                   |  1- 3 |  4- 6 |  7- 9 || total
-------------------------+-------+-------+-------++-------
Melee: Unarmed           |     7 |       |       ||     7
       Dagger            |   104 |   216 |   385 ||   705
       Bite              |     8 |    32 |    59 ||    99
       Rapier            |       |       |    32 ||    32
Throw: Javelin           |    32 |    31 |    47 ||   110
       Throwing net      |       |     2 |     2 ||     4
 Cast: Corona            |       |       |     9 ||     9
 Abil: End Transformatio |     1 |       |     1 ||     2
       Bat Form          |     1 |       |     1 ||     2
  Use: Potion            |     1 |     2 |     8 ||    11
       Scroll            |       |       |    15 ||    15
 Stab: Sleeping          |     5 |     6 |    12 ||    23
       Distracted        |     1 |     1 |       ||     2
       Held in net/web   |       |     1 |     1 ||     2
Armor: Robe              |    34 |    37 |    64 ||   135
Dodge: Dodged            |    68 |   131 |   175 ||   374
